 Dungeon Crawl Stone Soup version 0.18.1-1-g2f07953 (webtiles) character file.

5540 LORDOFBUTT the Cleaver (level 10, -14/91 HPs)
             Began as a Minotaur Berserker on May 6, 2016.
             Was a High Priest of Trog.
             Demolished by a polar bear (26 damage)
             ... on level 9 of the Dungeon.
             The game lasted 00:10:44 (7669 turns).

LORDOFBUTT the Cleaver (Minotaur Berserker)         Turns: 7669, Time: 00:10:44

Health: -14/91     AC: 12    Str: 21    XL:     10   Next: 43%
Magic:  9/9        EV: 16    Int:  4    God:    Trog [*****.]
Gold:   535        SH:  0    Dex: 14    Spells: 0 memorised, 9 levels left

rFire  . . .     SeeInvis .     A - +0 war axe
rCold  . . .     Gourm    .     g - +2 ring mail
rNeg   + . .     Faith    .     (no shield)
rPois  .         Spirit   .     (helmet restricted)
rElec  .         Dismiss  .     s - +0 cloak
rCorr  .         Reflect  .     (no gloves)
SustAt .         Harm     .     q - +0 pair of boots
MR     .....                    (no amulet)
Stlth  +.........               O - ring of positive energy
                                i - +1 ring of protection

@: exhausted, slowed, very slow, not resistant to hostile enchantments, very
unstealthy
A: retaliatory headbutt, horns 2
a: Berserk, Trog's Hand, Brothers in Arms, Burn Spellbooks, Renounce Religion


You were on level 9 of the Dungeon.
You worshipped Trog.
Trog was extremely pleased with you.
You were not hungry.

You visited 1 branch of the dungeon, and saw 9 of its levels.

You collected 535 gold pieces.

Inventory:

Hand Weapons
 A - a +0 war axe (weapon)
Armour
 g - a +2 ring mail (worn)
 q - a +0 pair of boots (worn)
 s - a +0 cloak (worn)
Rods
 x - a +0 rod of clouds (10/10)
   (You found it on level 5 of the Dungeon)
Jewellery
 i - a +1 ring of protection (left hand)
 v - an uncursed ring of resist corrosion
 I - the amulet of the Air {Inacc +Fly rElec EV+5 RMsl}
   (You found it on level 7 of the Dungeon)

   [amulet of inaccuracy]

   It reduces the accuracy of all your attacks.
   It affects your evasion (+5).
   It insulates you from electricity.
   It lets you fly.
   It protects you from missiles.
 K - an uncursed ring of protection from magic
 O - a ring of positive energy (right hand)
Wands
 m - a wand of flame (24/48)
 C - a wand of random effects (32/48)
 F - a wand of iceblast (3/15)
 G - a wand of acid (4/15)
Scrolls
 a - a scroll of random uselessness {unknown}
 d - 13 scrolls of remove curse
 e - 4 scrolls of recharging
 f - 2 scrolls of enchant weapon
 j - 4 scrolls of teleportation
 o - a scroll of amnesia
 p - 2 scrolls of blinking
 r - a scroll of immolation {unknown}
 w - a scroll of silence {unknown}
 y - a scroll of brand weapon {unknown}
 N - a scroll of identify
Potions
 b - a potion of haste
 h - a potion of ambrosia
 k - a potion of agility
 l - 4 potions of heal wounds
 t - 3 potions of flight
 u - 2 potions of curing
 z - a potion of magic
 B - a potion of cure mutation
 D - 2 potions of lignification
 H - a potion of berserk rage
 J - a potion of might {unknown}
 M - a potion of cancellation {unknown}
Books
 n - a book of Air

   Spells                             Type                      Level
   a - Shock                          Conjuration/Air              1
   b - Swiftness                      Charms/Air                   2
   c - Repel Missiles                 Charms/Air                   2
   d - Static Discharge               Conjuration/Air              3
   e - Lightning Bolt                 Conjuration/Air              5
   Trog disapproves of the use of such an item.
 E - a book of Air

   Spells                             Type                      Level
   a - Shock                          Conjuration/Air              1
   b - Swiftness                      Charms/Air                   2
   c - Repel Missiles                 Charms/Air                   2
   d - Static Discharge               Conjuration/Air              3
   e - Lightning Bolt                 Conjuration/Air              5
   Trog disapproves of the use of such an item.
Comestibles
 c - 8 bread rations
 L - a meat ration


   Skills:
 + Level 9.1 Fighting
 + Level 10.6 Axes
 + Level 8.5 Armour
 + Level 9.7 Dodging
 + Level 1.9 Stealth


You had 9 spell levels left.
You didn't know any spells.

Dungeon Overview and Level Annotations

Branches:
Dungeon (9/15)             Temple (0/1) D:5
   Lair: D:8-11         Orc: D:9-12

Altars:
Ashenzari
Cheibriados
Elyvilon
Fedhas
Gozag
Makhleb
Nemelex Xobeh
Ru
Vehumet
Xom
Yredelemnul


Innate Abilities, Weirdness & Mutations

You reflexively headbutt those who attack you in melee.
You have a pair of horns on your head.


Message History

The polar bear claws you.
You slash the polar bear!
The polar bear is severely wounded.
The polar bear barely misses you.
The polar bear claws you but does no damage.
The polar bear completely misses you.
You hit the polar bear.
The polar bear is severely wounded.
The polar bear barely misses you. The polar bear completely misses you.
The polar bear barely misses you.
The polar bear goes berserk!
You hit the polar bear but do no damage.
You headbutt the polar bear, but do no damage.
The polar bear is severely wounded.
The polar bear bites you!
* * * LOW HITPOINT WARNING * * *
The polar bear claws you but does no damage.
The polar bear claws you.
* * * LOW HITPOINT WARNING * * *
The polar bear bites you!!
You die...

.............≈.........#
............≈≈≈........#
............≈≈≈........#
............≈)≈........#
#######
...........≈≈†≈≈...... .
.......
#..........≈≈≈≈≈.......
.......
#..(.......≈≈≈≈≈...#.#
#######
#.........#.#####....# #
#..............[@....# #
#.........#.###h#...## #
...........≈≈≈≈≈...## #
#..........≈≈≈≈≈..##
########
...........≈≈≈≈≈....
........
............≈≈≈......
......[.
..##........≈≈≈.......
........
..##........≈≈≈.......
........ ..##.........
....... ........


You could see a polar bear (berserk).

Vanquished Creatures
  A death yak (D:9)
  Grinder (D:6)
  A two-headed ogre (D:9)
  Prince Ribbit (D:6)
  Sigmund (D:6)
  A spriggan (D:7)
  A yak (D:9)
  2 hippogriffs
  A hungry ghost (D:8)
  An orc warrior (D:8)
  A phantom (D:5)
  3 sky beasts
  A wasp (D:9)
  2 ice beasts (D:9)
  6 ogres
  A centaur (D:9)
  A crocodile (D:9)
  A big kobold (D:8)
  The ghost of TonyMeatballs the Stinger, an amateur TeVM (D:3)
  3 giant frogs
  3 scorpions
  11 killer bees
  An electric eel (D:9)
  A howler monkey (D:6)
  A crimson imp (D:8)
  2 jellies
  4 orc priests
  4 hounds
  7 orc wizards
  2 iguanas (D:4)
  6 worker ants
  A killer bee zombie (D:7)
  A centaur simulacrum (D:9)
  3 hound skeletons
  3 adders
  6 gnolls
  A shadow imp (D:6)
  A white imp (D:9)
  An ufetubus (D:9)
  An ooze (D:5)
  An adder zombie (D:6)
  An adder skeleton (D:8)
  3 worms
  4 dart slugs
  7 giant geckos
  35 orcs
  A ball python (D:1)
  7 giant cockroaches
  14 goblins
  12 hobgoblins
  11 jackals
  3 quokkas
  7 bats
  2 giant newts (D:1)
  11 kobolds
  2 quokka zombies
  13 rats
225 creatures vanquished.

Notes
Turn   | Place    | Note
--------------------------------------------------------------
     0 | D:1      | LORDOFBUTT the Minotaur Berserker began the quest for the Orb.
     0 | D:1      | Reached XP level 1. HP: 19/19 MP: 0/0
   138 | D:1      | Reached XP level 2. HP: 22/27 MP: 1/1
   331 | D:1      | Reached ** piety under Trog
   331 | D:1      | Reached XP level 3. HP: 32/34 MP: 2/2
   750 | D:2      | Found a burning altar of Makhleb.
   755 | D:2      | Reached skill level 4 in Axes
   755 | D:2      | Reached XP level 4. HP: 38/41 MP: 3/3
   996 | D:2      | Reached skill level 5 in Fighting
   998 | D:2      | Reached *** piety under Trog
  1300 | D:3      | Noticed TonyMeatballs's ghost (amateur TeVM)
  1400 | D:3      | Noticed a hippogriff
  1408 | D:3      | Killed a hippogriff
  1408 | D:3      | Reached XP level 5. HP: 30/48 MP: 4/4
  1591 | D:3      | Killed TonyMeatballs's ghost
  1591 | D:3      | Reached XP level 6. HP: 56/56 MP: 5/5
  1796 | D:3      | Found a white marble altar of Elyvilon.
  2314 | D:4      | Reached skill level 5 in Axes
  2321 | D:4      | Reached **** piety under Trog
  2633 | D:4      | Reached skill level 5 in Dodging
  2769 | D:4      | Found a sparkling altar of Nemelex Xobeh.
  2854 | D:4      | Reached XP level 7. HP: 35/62 MP: 6/6
  3113 | D:5      | Entered Level 5 of the Dungeon
  3404 | D:5      | Found an opulent altar of Gozag.
  3418 | D:5      | Reached skill level 6 in Axes
  3418 | D:5      | Reached skill level 5 in Armour
  3488 | D:5      | Found a staircase to the Ecumenical Temple.
  3567 | D:5      | Reached XP level 8. HP: 43/71 MP: 7/7
  3939 | D:6      | Noticed Prince Ribbit
  3951 | D:6      | Killed Prince Ribbit
  3951 | D:6      | Reached skill level 1 in Stealth
  3980 | D:6      | Reached skill level 7 in Axes
  4044 | D:6      | Noticed Grinder
  4073 | D:6      | Killed Grinder
  4078 | D:6      | Found a radiant altar of Vehumet.
  4151 | D:6      | Reached ***** piety under Trog
  4551 | D:6      | Noticed Sigmund
  4562 | D:6      | Killed Sigmund
  4562 | D:6      | Reached skill level 8 in Axes
  4562 | D:6      | Reached XP level 9. HP: 70/79 MP: 8/8
  5277 | D:7      | Found a shattered altar of Ashenzari.
  5575 | D:7      | Found a basalt altar of Yredelemnul.
  5585 | D:7      | Found a blossoming altar of Fedhas.
  5589 | D:7      | Found a snail-covered altar of Cheibriados.
  5682 | D:8      | Reached skill level 9 in Axes
  6435 | D:8      | Found a shimmering altar of Xom.
  6616 | D:9      | Reached XP level 10. HP: 60/90 MP: 9/9
  6632 | D:9      | Reached skill level 10 in Axes
  6926 | D:9      | Found a sacrificial altar of Ru.
  7119 | D:9      | Noticed a death yak
  7141 | D:9      | Killed a death yak
  7669 | D:9      | Demolished by a polar bear

Skill      XL: |  1  2  3  4  5  6  7  8  9 10 |
---------------+-------------------------------+-----
Fighting       | 4 5 6 7 8 9 |  9.1
Dodging        | 3 4 5 6 7 8 9 |  9.7
Axes           | 4 5 6 8 9 10 | 10.6
Armour         | 3 4 5 7 8 |  8.5
Stealth        | 1 |  1.9

Action                   |  1- 3 |  4- 6 |  7- 9 | 10-12 || total
-------------------------+-------+-------+-------+-------++-------
Melee: Hand axe          |    87 |   194 |    92 |       ||   373
       Headbutt          |    13 |    28 |    58 |    24 ||   123
       War axe           |       |       |   216 |   104 ||   320
Invok: Berserk           |       |     1 |     1 |     2 ||     4
  Use: Scroll            |     5 |       |    13 |       ||    18
       Potion            |       |     3 |       |       ||     3
  Eat: Beef jerky        |       |     1 |     1 |     1 ||     3
       Bread ration      |       |     1 |       |     1 ||     2
       Chunk             |       |     2 |       |       ||     2
       Fruit             |       |       |     5 |       ||     5
       Meat ration       |       |       |     2 |       ||     2
       Pizza             |       |       |     1 |       ||     1
Armor: Animal skin       |     6 |       |       |       ||     6
       Ring mail         |    33 |    90 |   113 |    38 ||   274
Dodge: Dodged            |    69 |   131 |   220 |    88 ||   508
